 Dungeon Crawl Stone Soup version 0.26.1-2-gb8aa6d0cf2 (webtiles) character file.

Game seed: 6689260923443383962

29 ubername the Skirmisher (level 3, 0/33 HPs)
             Began as a Hill Orc Abyssal Knight on Mar 16, 2021.
             Was a Follower of Lugonu.
             Succumbed to an adder's poison
             ... on level 1 of the Dungeon.
             The game lasted 00:02:34 (1026 turns).

ubername the Skirmisher (Hill Orc Abyssal Knight)   Turns: 1026, Time: 00:02:35

Health: 0/33       AC:  4    Str: 15    XL:     3   Next: 16%
Magic:  5/5        EV: 11    Int: 12    God:    Lugonu [*.....]
Gold:   83         SH:  0    Dex: 10    Spells: 2/2 levels left

rFire    . . .     SeeInvis .   a - +1 hand axe
rCold    . . .     Faith    .   (no shield)
rNeg     . . .     Spirit   .   b - +1 leather armour
rPois    .         Reflect  .   (no helmet)
rElec    .         Harm     .   (no cloak)
rCorr    .         Rampage  .   (no gloves)
Will     .....                  (no boots)
Stlth    +.........             (no amulet)
HPRegen  0.11/turn              (no ring)
MPRegen  0.09/turn              (no ring)

@: lethally poisoned (0 -> -3), attractive
A: no striking features
a: Renounce Religion, Depart the Abyss


You were on level 1 of the Dungeon.
You worshipped Lugonu.
Lugonu was aware of your devotion.
You visited 1 branch of the dungeon, and saw 2 of its levels.
You visited the Abyss 1 time.

You collected 83 gold pieces.

Inventory:

Hand Weapons
 a - a +1 hand axe (weapon)
 h - a +0 club
 i - a +0 hunting sling
Missiles
 c - 18 poisoned darts
 d - 28 stones
 q - 14 sling bullets
Armour
 b - a +1 leather armour (worn)
 e - a +0 scale mail
 j - a +0 helmet
 n - a +0 pair of boots
Scrolls
 l - a scroll of teleportation


   Skills:
 + Level 4.1 Fighting
 + Level 3.0 Axes
 + Level 2.6 Armour
 + Level 1.0 Dodging
 + Level 3.1 Invocations


You had 2 spell levels left.
You didn't know any spells.
Your spell library was empty.

Dungeon Overview and Level Annotations

Branches:
Dungeon (2/15)

Altars:


Message History

As you read the scroll labelled TUFEONG SUIXKEOCW, it crumbles to dust.
You hear a loud clanging noise!
It was a scroll of noise.
* * * LOW HITPOINT WARNING * * *
You feel sick.
As you read the scroll labelled HENENI CYFUKUSOUH, it crumbles to dust.
You assume a fearsome visage.
Nothing appears to happen.
It was a scroll of fear.
As you read the scroll labelled ORYZAD AK CEDGH, it crumbles to dust.
You feel strangely unstable.
It was a scroll of teleportation.
As you read the scroll labelled TEUV UPLUC, it crumbles to dust.
It is a scroll of enchant armour.
Your +0 leather armour glows green for a moment.
* * * LOW HITPOINT WARNING * * *
You feel sick.
As you read the scroll labelled SEC BIMU ULA, it crumbles to dust.
You feel momentarily disoriented.
It was a scroll of magic mapping.
Your surroundings suddenly seem different.
There is a lethal amount of poison in your body!
You die...

###############
..............#
#############.#
#.#### #....#
####.#
############.#
#..........#@#
#.########.#.#
#.# #.#.#
#####.# #.#.#
.†...)# #(#.#
####### #.#.#
#.#.# #.#.#
##.#.#


There were no monsters in sight!

Vanquished Creatures
  An adder (D:1)
  A leopard gecko (D:1)
  3 bats (D:1)
  A giant cockroach (D:1)
  2 hobgoblins
  3 kobolds (D:1)
  A quokka (D:1)
  3 goblins (D:1)
  5 rats (D:1)
20 creatures vanquished.

Notes
Turn   | Place    | Note
-------+----------+-------------------------------------------
     0 | Abyss:1  | ubername the Hill Orc Abyssal Knight began the quest for
                  | the Orb.
     0 | Abyss:1  | Reached XP level 1. HP: 19/19 MP: 2/2
    12 | Abyss:1  | Found a corrupted altar of Lugonu.
    43 | Abyss:1  | Noticed a freezing wraith
    44 | D:1      | Escaped the Abyss
   378 | D:1      | Reached XP level 2. HP: 13/27 MP: 2/4
   742 | D:1      | Reached * piety under Lugonu
  1006 | D:2      | Reached skill level 4 in Fighting
  1015 | D:1      | Reached skill level 1 in Dodging
  1015 | D:1      | Reached XP level 3. HP: 7/33 MP: 5/5
  1023 | D:1      | HP: 1/33 [poisoned by an adder]
  1026 | D:1      | Succumbed to an adder's poison

Illustrated notes

Levels and vault maps discovered:
D:1:      wander_arrival_chamber, layout_loops_ring, minmay_misc_feat_alley
D:2:      layout_rooms, eat_drink_and_be_merry_uskayaw, grunt_ministairs_3,
          uniq_natasha

Skill      XL: |  1  2  3 |
---------------+----------+-----
Invocations    | 3 |  3.1
Fighting       | 4 |  4.1
Dodging        | 1 |  1.0
Axes           | 3 |  3.0
Armour         | |  2.6

Action                   || total
-------------------------++-------
Melee: Hand axe          ||    63
Invok: Depart the Abyss  ||     1
  Use: Scroll            ||     5
       Potion            ||     2
Armor: Leather armour    ||    20
Dodge: Dodged            ||    44
